AoeStats
← AiM | CyclopsTron

Socotra

504155682Analyzed
4v4 RM · 28d ago on Sep 4, 2026· 37m 15s· 8 players
Game mode
Random Map
Map size
148×148
Population
200
Speed
Normal
Resources
Standard
Victory
Conquest
Starting age
Dark Age
Ending age
Imperial Age
RankedLock teamsTeams togetherTeam positionsShared explorationLock speedFull tech treeHidden civsTurbo modeCheats
Victory
Defeat
🇵🇪 Maya · Peru
1867
+5
🇲🇽 Poles · Mexico
1839
+6
🇨🇴 Malay · Colombia
1693
+11
🇨🇳 Jurchens · China
1548
+16
🇲🇽 Maya · Mexico
1682
-15
🇨🇱 Tupi · Chile
1579
-9
🇦🇷 Slavs · Argentina
1522
-7
🇲🇽 Khitans · Mexico
1513
-7
enzoyin68
8:24 Feudal Age
6:47 Loom
9:04 Double-Bit Axe
9:29 Horse Collar
15:55 Scale Barding Armor
17:07 Forging
21:59 Bloodlines
23:51 Wheelbarrow
26:42 Castle Age
26:40 Gold Mining
26:43 Light Cavalry
27:45 Chain Barding Armor
27:49 Bow Saw
27:47 Husbandry
30:01 Iron Casting
37:53 Heavy Plow
38:10 Hand Cart
2Darling
5:36 Loom
8:49 Feudal Age
9:28 Double-Bit Axe
12:03 Horse Collar
17:51 Scale Barding Armor
18:40 Forging
21:14 Bloodlines
27:36 Castle Age
27:42 Gold Mining
27:50 Gold Mining
27:40 Light Cavalry
28:42 Chain Barding Armor
28:33 Bow Saw
30:37 Iron Casting
31:22 Wheelbarrow
31:36 Husbandry
32:01 Heavy Plow
34:24 Stone Mining
36:57 Town Watch
37:45 Szlachta Privileges
The .Gocho
6:01 Loom
10:07 Feudal Age
10:22 Double-Bit Axe
10:24 Town Watch
12:14 Fletching
15:03 Wheelbarrow
17:12 Padded Archer Armor
22:49 Castle Age
21:07 Gold Mining
20:59 Horse Collar
21:47 Crossbowman
22:32 Bodkin Arrow
25:40 Hand Cart
28:09 Leather Archer Armor
31:06 Thumb Ring
37:49 Imperial Age
36:12 Gold Shaft Mining
37:33 Ballistics
36:56 Arbalester
SistemFix
0:26 Loom
12:07 Feudal Age
16:50 Fletching
18:00 Double-Bit Axe
22:15 Padded Archer Armor
26:00 Castle Age
26:46 Bodkin Arrow
26:11 Crossbowman
29:14 Ballistics
30:10 Bow Saw
37:06 Thumb Ring
AiM | Fubuki Sinri
5:42 Loom
8:31 Feudal Age
12:44 Double-Bit Axe
13:38 Forging
18:02 Scale Barding Armor
18:02 Domestication
23:37 Castle Age
25:02 Iron Casting
23:56 Light Cavalry
28:18 Chain Barding Armor
AiM | CyclopsTron
0:45 Loom
12:32 Feudal Age
14:25 Fletching
20:55 Padded Archer Armor
24:59 Town Watch
27:31 Castle Age
27:14 Gold Mining
27:44 Double-Bit Axe
28:08 Bodkin Arrow
27:38 Crossbowman
30:04 Town Watch
31:07 Ballistics
AiM | Facu1414
5:59 Loom
8:21 Feudal Age
15:39 Bloodlines
17:48 Forging
19:06 Padded Archer Armor
19:14 Scale Barding Armor
24:15 Castle Age
22:36 Gold Mining
23:15 Horse Collar
24:21 Light Cavalry
25:22 Chain Barding Armor
25:38 Iron Casting
28:24 Husbandry
28:12 Double-Bit Axe
AiM | Shuffle
5:41 Loom
8:40 Feudal Age
11:12 Fletching
21:58 Castle Age
20:22 Double-Bit Axe
20:44 Horse Collar
21:32 Padded Archer Armor
22:01 Crossbowman
22:38 Bodkin Arrow
25:25 Leather Archer Armor
25:19 Town Watch
28:21 Ballistics
38:50 Imperial Age
Connection lost

Rejoining the realm…

Still unreachable

The connection could not be restored.

Session expired

The server has moved on; the page needs a fresh start.